 Dungeon Crawl Stone Soup version 0.27.1-4-g1640c2035a (webtiles) character file.

Game seed: 15859939737807781555

368 Elvor the Conjurer (level 6, -6/50 HPs)
             Began as a Draconian Conjurer on Nov 2, 2021.
             Was an Initiate of the Shining One.
             Mangled by a gnoll (11 damage)
             ... on level 3 of the Dungeon.
             The game lasted 00:24:33 (3011 turns).

Elvor the Conjurer (Draconian Conjurer)             Turns: 3011, Time: 00:24:35

Health: -6/50      AC:  8    Str: 10    XL:     6   Next: 41%
Magic:  1/11       EV: 16    Int: 26    God:    the Shining One [......]
Gold:   109        SH:  0    Dex:  9    Spells: 4/11 levels left

rFire    . . .     SeeInvis .   n - +0 short sword
rCold    . . .     Faith    .   (no shield)
rNeg     . . .     Spirit   .   (armour unavailable)
rPois    .         Reflect  .   (helmet restricted)
rElec    .         Harm     .   t - +1 cloak
rCorr    .         Rampage  .   (no gloves)
Will     .....                  (no boots)
Stlth    +.........             (no amulet)
HPRegen  0.16/turn              i - +6 ring of intelligence
MPRegen  0.12/turn              m - +4 ring of evasion

@: glowing
A: AC +6, unfitting armour, cold-blooded
a: Renounce Religion


You were on level 3 of the Dungeon.
You worshipped the Shining One.
The Shining One was noncommittal.
You visited 2 branches of the dungeon, and saw 7 of its levels.

You collected 200 gold pieces.
You spent 91 gold pieces at shops.

Inventory:

Hand Weapons
 l - a +0 hunting sling
 n - a +0 short sword (weapon)
Missiles
 a - 26 poisoned darts
 c - 155 stones
 h - 7 silver boomerangs
Armour
 t - a +1 cloak (worn)
Magical Staves
 d - a staff of air
 p - a staff of fire
Jewellery
 i - a +6 ring of intelligence (left hand)
 m - a +4 ring of evasion (right hand)
Wands
 f - a wand of iceblast (7)
Scrolls
 b - a scroll of noise
 e - 3 scrolls of fog
 g - a scroll of vulnerability
 k - a scroll of teleportation
 o - a scroll of blinking {unknown}
Potions
 j - 2 potions of resistance
 q - a potion of lignification {unknown}
 r - a potion of heal wounds {unknown}
 s - a potion of brilliance {unknown}
 u - a potion of invisibility {unknown}


   Skills:
 * Level 2.5 Fighting
 + Level 1.1 Short Blades
 + Level 0.2 Staves
 + Level 1.2 Throwing
 + Level 2.8 Dodging
 + Level 2.7 Stealth
 + Level 3.3 Spellcasting
 + Level 5.1 Conjurations


You had 4 spell levels left.
You knew the following spells:

 Your Spells              Type           Power      Damage    Failure   Level
a - Magic Dart            Conj           100%       1d8       1%          1
b - Searing Ray           Conj           60%        3d5       1%          2
c - Iskenderun's Mystic   Conj/Tloc      17%        2d5       32%         4

Your spell library contained the following spells:

 Spells                   Type           Power      Damage    Failure   Level
 Dazzling Flash           Conj/Hex       34%        N/A       10%         3
 Gell's Gravitas          Tloc           2%         N/A       26%         3
 Teleport Other           Tloc           4%         N/A       26%         3
 Fulminant Prism          Conj/Hex       8%         3d7       32%         4
 Dispersal                Tloc           2%         N/A       100%        6


Dungeon Overview and Level Annotations

Branches:
Dungeon (6/15)             Temple (1/1) D:4

Altars:
Ashenzari
Cheibriados
Dithmenos
Elyvilon
Fedhas
Gozag
Hepliaklqana
Kikubaaqudgha
Makhleb
Nemelex Xobeh
Okawaru
Ru
Sif Muna
Trog
Uskayaw
Vehumet
Wu Jian
Xom
Yredelemnul
Zin
The Shining One

Shops:
D:3 ?

Annotations:
D:6 Menkaure, Sigmund


Innate Abilities, Weirdness & Mutations

Your plain brown scales are hard. (AC +6)
You cannot fit into any form of body armour.
You are cold-blooded and may be slowed by cold attacks.


Message History

The gnoll shaman calls upon its god to heal the gnoll.
The gnoll is healed somewhat.
The gnoll barely misses you.
There is a stone staircase leading up here.
The gnoll hits you with a +0 flail.
The gnoll hits you from afar with a +0 halberd!
The gnoll hits you with a +0 flail.
The gnoll shaman calls upon its god to speed up the gnoll.
The gnoll seems to speed up.
You climb upwards.
Found 26 stones.
There is a stone staircase leading down here.
Aiming: Searing Ray (safe; 1% risk of failure)
Press: ? - help, Q - select action, (/) - cycle Shift-Dir - straight line, f - gnoll
Aim: a gnoll, wielding a +0 flail (fast, 82% to hit)
The searing ray hits the gnoll!
The gnoll is heavily wounded. (Press . to maintain the ray.)
The gnoll hits you with a +0 flail.
The searing ray misses the gnoll.
The gnoll barely misses you. The gnoll hits you with a +0 flail.
The gnoll closely misses you.
You hit the gnoll.
The gnoll is heavily wounded.
The gnoll misses you.
You barely miss the gnoll.
The gnoll is heavily wounded.
The gnoll misses you. x2
You hit the gnoll but do no damage.
The gnoll is heavily wounded.
The gnoll hits you but does no damage. The gnoll hits you with a +0 flail.
You barely miss the gnoll.
The gnoll is heavily wounded.
The gnoll hits you with a +0 flail!
* * * LOW HITPOINT WARNING * * *
The gnoll hits you with a +0 flail.
* * * LOW HITPOINT WARNING * * *
A rat comes into view.
The gnoll hits you with a +0 flail!
You die...

.......
.........
#.#..#
.#......b
#....#
#...>#
#..#.# #.
#.# # #.#
#g# #@#
#........
#########


You could see a gnoll (fast).

Vanquished Creatures
  An ogre (D:5)
  A hound (D:5)
  A bullfrog skeleton (D:5)
  Ijyb (D:3)
  2 iguanas
  2 orc wizards (D:5)
  2 gnolls (D:4)
  An adder (D:3)
  A white imp (D:4)
  An adder skeleton (D:4)
  An adder zombie (D:1)
  A dart slug (D:1)
  7 orcs
  4 ball pythons
  7 bats
  2 endoplasms (D:2)
  4 giant cockroaches
  7 goblins
  5 hobgoblins
  4 jackals
  A quokka (D:3)
  2 frilled lizards
  A kobold (D:4)
  A quokka zombie (D:1)
  3 rats
63 creatures vanquished.

Notes
Turn   | Place    | Note
-------+----------+-------------------------------------------
     0 | D:1      | Elvor the Draconian Conjurer began the quest for the Orb.
     0 | D:1      | Reached XP level 1. HP: 14/14 MP: 3/3
   235 | D:1      | Reached XP level 2. HP: 9/20 MP: 1/5
   238 | D:1      | Learned a level 2 spell: Searing Ray
  1488 | D:2      | Reached skill level 1 in Fighting
  1488 | D:2      | Reached XP level 3. HP: 28/28 MP: 2/6
  1997 | D:3      | Found Luyninun's Magic Scroll Shoppe.
  2002 | D:3      | Bought a scroll of teleportation for 39 gold pieces
  2002 | D:3      | Bought a scroll of identify for 26 gold pieces
  2002 | D:3      | Bought a scroll of identify for 26 gold pieces
  2032 | D:3      | Noticed Ijyb
  2059 | D:3      | Killed Ijyb
  2060 | D:3      | Reached XP level 4. HP: 19/35 MP: 1/7
  2095 | D:3      | You fall into a shaft and drop 3 floors!
  2095 | D:6      | Noticed a sky beast
  2098 | D:6      | Noticed Sigmund
  2098 | D:6      | Noticed a black bear
  2098 | D:6      | Noticed a water moccasin
  2105 | D:6      | Noticed Menkaure
  2105 | D:6      | Noticed a yak
  2105 | D:6      | Noticed a yak
  2105 | D:6      | Noticed a yak
  2108 | D:6      | Noticed a yak
  2123 | D:5      | Entered Level 5 of the Dungeon
  2349 | D:5      | Reached XP level 5. HP: 35/41 MP: 3/9
  2363 | D:5      | Noticed an ogre
  2402 | D:5      | Killed an ogre
  2403 | D:5      | Reached skill level 1 in Throwing
  2403 | D:5      | Reached skill level 5 in Conjurations
  2481 | D:5      | Reached XP level 6. HP: 48/48 MP: 2/10
  2833 | D:4      | Found a staircase to the Ecumenical Temple.
  2849 | Temple   | Entered the Ecumenical Temple
  2855 | Temple   | Learned a level 4 spell: Iskenderun's Mystic Blast
  2880 | Temple   | Became a worshipper of the Shining One
  2963 | D:4      | Reached skill level 1 in Short Blades
  3011 | D:3      | Mangled by a gnoll

Illustrated notes

Levels and vault maps discovered:
D:1:      saegor_arrival_fortress, layout_basic
D:2:      layout_basic
D:3:      layout_basic, serial_shops, shop, st_stairs_2, lemuel_old_faithful,
          uniq_ijyb
D:4:      layout_basic, minmay_temple_entry_offerings, fountainhead
D:5:      layout_gridville
D:6:      layout_basic, uniq_menkaure, uniq_maggie, uniq_sigmund, uniq_pikel
Temple:   dpeg_three_leaves_temple

Skill      XL: |  1  2  3  4  5  6 |
---------------+-------------------+-----
Dodging        | 2 |  2.8
Fighting       | 1 2 |  2.5
Stealth        | 2 |  2.7
Throwing       | 1 |  1.2
Spellcasting   | 3 |  3.3
Conjurations   | 5 |  5.1
Short Blades   | 1 |  1.1
Staves         | |  0.2

Action                   |  1- 3 |  4- 6 || total
-------------------------+-------+-------++-------
Melee: Short sword       |    11 |     7 ||    18
       Staff             |     7 |       ||     7
       Tailslap          |     1 |       ||     1
Throw: Dart              |     5 |    19 ||    24
       Boomerang         |       |     1 ||     1
 Cast: Magic Dart        |    56 |    17 ||    73
       Searing Ray       |     5 |    15 ||    20
  Use: Scroll            |     3 |     4 ||     7
Armor: Skin              |    12 |    11 ||    23
Dodge: Dodged            |    44 |    35 ||    79
